 Dungeon Crawl Stone Soup version 0.27-a0-1137-g3ef0f4ec91 (webtiles) character file.

Game seed: 9423369534026523883

25 robertstho the Firebug (level 3, -2/31 HPs)
             Began as an Octopode Fire Elementalist on May 6, 2021.
             Killed by nerve-wracking pain
             ... invoked by Grinder
              (6 damage)
             ... on level 3 of the Dungeon.
             The game lasted 00:03:09 (2160 turns).

robertstho the Firebug (Octopode Fire Elementalist) Turns: 2160, Time: 00:03:09

Health: -2/31      AC:  1    Str:  7    XL:     3   Next: 6%
Magic:  0/6        EV: 28    Int: 18    God:
Gold:   111        SH:  0    Dex: 12    Spells: 5/6 levels left

rFire    . . .     SeeInvis .   d - +1 whip (venom)
rCold    . . .     Faith    .   (no shield)
rNeg     . . .     Spirit   .   (helmet restricted)
rPois    .         Reflect  .   b - amulet of the acrobat
rElec    .         Harm     .   (no ring)
rCorr    .         Rampage  .   (no ring)
Will     .....                  (no ring)
Stlth    ..........             (no ring)
HPRegen  0.10/turn              (no ring)
MPRegen  0.10/turn              (no ring)
                                (no ring)
                                (no ring)

@: berserking, acrobatic, very quick
A: almost no armour, amphibious, 8 rings, camouflage 1, gelatinous body 1,
(nimble swimmer 1), tentacles
a: no special abilities


You were on level 3 of the Dungeon.
You visited 1 branch of the dungeon, and saw 3 of its levels.

You collected 111 gold pieces.

Inventory:

Hand Weapons
 d - a +1 whip of venom (weapon)
Jewellery
 b - an amulet of the acrobat (around mantle)
Scrolls
 e - 3 scrolls of identify {unknown}
 g - a scroll of torment {unknown}
Potions
 a - a potion of curing {unknown}
 c - 2 potions of berserk rage
 f - a potion of experience {unknown}


   Skills:
 + Level 2.0 Dodging
 * Level 2.9 Stealth
 * Level 2.3 Spellcasting
 * Level 1.1 Conjurations
 * Level 3.7 Fire Magic


You had 5 spell levels left.
You knew the following spells:

 Your Spells              Type           Power      Damage    Failure   Level
a - Foxfire               Conj/Fire      40%        2x1d6     6%          1

Your spell library contained the following spells:

 Spells                   Type           Power      Damage    Failure   Level
 Animate Skeleton         Necr           4%         N/A       17%         1
 Apportation              Tloc           4%         N/A       17%         1
 Corona                   Hex            2%         N/A       17%         1
 Summon Small Mammal      Summ           8%         N/A       17%         1
 Conjure Flame            Conj/Fire      10%        6-21      19%         3
 Inner Flame              Hex/Fire       8%         N/A       24%         3
 Sticky Flame             Conj/Fire      10%        2d3       54%         4
 Fireball                 Conj/Fire      5%         3d5       87%         5


Dungeon Overview and Level Annotations

Branches:
Dungeon (3/15)

Altars:

Annotations:
D:3 Grinder


Innate Abilities, Weirdness & Mutations

You cannot wear most types of armour.
You are amphibious.
You can wear up to eight rings at the same time.
Your skin changes colour to match your surroundings (Stealth+).
Your rubbery body absorbs attacks. (AC +1, EV +1)
((You are camouflaged near water. (Stealth+)))
You have tentacles for arms and can constrict up to eight enemies at once.


Message History

Press: ? - help, Q - select action Dir - look around, f - activate You conjure some foxfire!
The foxfire hits Grinder.
Grinder is moderately wounded.
Casting: Foxfire (safe; 6% risk of failure)
Press: ? - help, Q - select action Dir - look around, f - activate You conjure some foxfire!
The foxfire hits Grinder but does no damage.
Grinder is moderately wounded.
The foxfire hits Grinder.
Grinder is heavily wounded.
The foxfire hits Grinder but does no damage.
Grinder is heavily wounded.
Casting: Foxfire (safe; 6% risk of failure)
Press: ? - help, Q - select action Dir - look around, f - activate You conjure some foxfire!
The foxfire hits Grinder.
Grinder is heavily wounded.
The foxfire hits Grinder.
Grinder is heavily wounded.
Grinder gestures at you. Pain shoots through your body!
You aren't carrying any items that you can evoke.
It was a potion of berserk rage.
A red film seems to cover your vision as you go berserk!
You feel yourself moving faster!
You feel mighty! Grinder gestures at you. Pain shoots through your body!
* * * LOW HITPOINT WARNING * * *
You feel a strong urge to attack something.
Grinder misses you.
You closely miss Grinder. You grab Grinder.
Grinder is heavily wounded.
You constrict Grinder, but do no damage.
Grinder rolls her eyes.
Grinder blinks free!
You feel a strong urge to attack something.
Grinder gestures at you. Pain shoots through your body!
You die...

####..###.#
.....# #.#
###..###.#
#......#
#.###.##
#.# #.# #5#
#.# #.# #.#
#@# #.#
#ยง# #.#
#.###.##
#......#
#####....
..


You could see Grinder.

Vanquished Creatures
  6 ball pythons
  An endoplasm (D:2)
  A giant cockroach (D:3)
  4 goblins (D:1)
  A hobgoblin (D:1)
  2 quokkas (D:1)
  2 bats (D:1)
  A frilled lizard (D:3)
  3 kobolds
  3 rats
24 creatures vanquished.

Vanquished Creatures (others)
  83 foxfires
83 creatures vanquished.

Grand Total: 107 creatures vanquished

Notes
Turn   | Place    | Note
-------+----------+-------------------------------------------
     0 | D:1      | robertstho the Octopode Fire Elementalist began the quest
                  | for the Orb.
     0 | D:1      | Reached XP level 1. HP: 11/11 MP: 3/3
   258 | D:1      | Reached XP level 2. HP: 17/17 MP: 0/5
  1977 | D:3      | Reached XP level 3. HP: 21/21 MP: 3/6
  2121 | D:3      | Noticed Grinder
  2160 | D:3      | Killed from afar by Grinder

Illustrated notes

Levels and vault maps discovered:
D:1:      ebering_hopf_link, layout_basic, st_stairs_8
D:2:      layout_loops_cross, roderic_serpentine_path, hex_large
D:3:      layout_loops_ring, minmay_door_square, grunt_decor_clamped,
          uniq_grinder

Action                   || total
-------------------------++-------
Melee: Unarmed           ||     3
       Constrict         ||     3
       Tentacles         ||     1
       Whip              ||     1
 Cast: Foxfire           ||    57
  Use: Scroll            ||     4
       Potion            ||     1
Dodge: Dodged            ||    10

Table legend: (Time is in decaauts)
 A = Elapsed time spent in this place.
 B = Non-inter-level travel time spent in this place.
 C = Inter-level travel time spent in this place.
 D = Time resting spent in this place.
 E = Time spent auto-exploring this place.
 F = Levels seen in this place.
 G = Mean time per level.
                   A        B        C        D        E       F      G
               +--------+--------+--------+--------+--------+-----+--------+
         Total |   2158 |   2108 |     50 |      3 |   1882 |   3 |  719.3 |
       Dungeon |   2158 |   2108 |     50 |      3 |   1882 |   3 |  719.3 |
               +--------+--------+--------+--------+--------+-----+--------+

Top non-repeatable levels by time:
     D:1: 1020 daAuts
     D:2: 897 daAuts
     D:3: 239 daAuts
